 Dungeon Crawl Stone Soup version 0.30.1-9-gdf580d7c3d (webtiles) character file.

Game seed: 8844890876687132357

33 lonewolfV2 the Covered (level 3, -1/29 HPs)
             Began as a Demonspawn Fighter on Oct 26, 2023.
             Slain by a ball python (3 damage)
             ... on level 2 of the Dungeon.
             The game lasted 00:01:15 (654 turns).

lonewolfV2 the Covered (Demonspawn Fighter)          Turns: 654, Time: 00:01:16

Health: -1/29      AC:  6    Str: 18    XL:     3   Next: 12%
Magic:  3/3        EV:  6    Int: 17    God:
Gold:   40         SH:  4    Dex: 12    Spells: 2/2 levels left

rFire   . . .        a - +1 war axe
rCold   . . .        c - +0 buckler
rNeg    . . .        b - +0 scale mail
rPois   .            (helmet restricted)
rElec   .            (no cloak)
rCorr   .            (no gloves)
SInv    .            (no boots)
Will    .....        (no amulet) Stlth
                     e - +6 ring of intelligence
HPRegen 0.24/turn    (no ring)
MPRegen 0.08/turn

%: no passive effects
@: constricted
A: antennae 1, big brain 1
a: no special abilities


You were on level 2 of the Dungeon.
You visited 1 branch of the dungeon, and saw 2 of its levels.

You collected 40 gold pieces.

Inventory:

Hand Weapons
 a - a +1 war axe (weapon)
Missiles
 i - a throwing net (quivered)
Armour
 b - a +0 scale mail (worn)
 c - a +0 buckler (worn)
Jewellery
 e - a +6 ring of intelligence (left hand)
Potions
 d - a potion of might
 g - a potion of attraction
 h - 2 potions of degeneration


   Skills:
 - Level 3.0 Fighting
 - Level 1.7 Axes
 + Level 3.1 Armour
 * Level 2.0 Dodging
 - Level 2.6 Shields


You had 2 spell levels left.
You didn't know any spells.
Your spell library was empty.

Dungeon Overview and Level Annotations

Branches:
Dungeon (2/15)

Altars:


Innate Abilities, Weirdness & Mutations

You have a pair of small antennae on your head.
You have an unusually large brain. (Int +2)


Message History

The ball python bites you.
* * * LOW HITPOINT WARNING * * *
The ball python constricts you.
The ball python bites you but does no damage.
The ball python constricts you. The ball python bites you.
* * * LOW HITPOINT WARNING * * *
The ball python constricts you.
The ball python bites you but does no damage.
The ball python constricts you.
* * * LOW HITPOINT WARNING * * *
The ball python bites you but does no damage.
The ball python constricts you.
The ball python bites you but does no damage.
The ball python constricts you.
The ball python bites you but does no damage.
The ball python constricts you.
The ball python bites you but does no damage.
The ball python constricts you. The ball python barely misses you.
The ball python constricts you. The ball python bites you.
* * * LOW HITPOINT WARNING * * *
The ball python constricts you.
The ball python bites you but does no damage.
The ball python constricts you. You block the ball python's attack.
The ball python constricts you.
The ball python bites you but does no damage.
The ball python constricts you.
* * * LOW HITPOINT WARNING * * *
The ball python barely misses you. The ball python constricts you.
* * * LOW HITPOINT WARNING * * *
The ball python bites you but does no damage.
The ball python constricts you. You block the ball python's attack.
The ball python constricts you.
The ball python bites you but does no damage.
The ball python constricts you.
The ball python bites you but does no damage.
The ball python constricts you. The ball python bites you.
You die...

............<....#
#.###..##...........
.................##.
...........##.......
#.###..##.....#...#.#
#.###..###.##.#...#.# .
..................#.#...
#.##.#.##...............
#.#............S@.#
#.##..............#
#.##..###..##.#..##.#.#
#.##..# #..##....†..$.#
#.##..###..####.........
#..................<.$..
........................
...........####..######.
##.#.....### #..#


You could see a ball python.

Vanquished Creatures
  An adder (D:2)
  A dart slug (D:1)
  2 bats
  3 endoplasms (D:1)
  4 hobgoblins (D:1)
  3 quokkas (D:1)
  2 ball pythons (D:1)
  2 frilled lizards (D:1)
  A kobold (D:1)
  A rat (D:1)
20 creatures vanquished.

Notes
Turn   | Place    | Note
-------+----------+-------------------------------------------
     0 | D:1      | lonewolfV2 the Demonspawn Fighter began the quest for the
                  | Orb.
     0 | D:1      | Reached XP level 1. HP: 18/18 MP: 1/1
    83 | D:1      | Reached skill level 1 in Dodging
    85 | D:1      | Gained mutation: You have a pair of small antennae on your
                  | head. [demonic ancestry]
    85 | D:1      | Reached XP level 2. HP: 15/24 MP: 2/2
   549 | D:2      | Gained mutation: You have an unusually large brain. (Int
                  | +2) [demonic ancestry]
   549 | D:2      | Reached XP level 3. HP: 10/29 MP: 3/3
   650 | D:2      | HP: 1/29 [constriction (1)]
   654 | D:2      | Slain by a ball python

Illustrated notes

Levels and vault maps discovered:
D:1:      dpeg_arrival_pits, layout_rooms, minmay_crystal_room
D:2:      layout_basic

Skill      XL: |  1  2 |
---------------+-------+-----
Dodging        | 1 2 |  2.0
Armour         | 3 |  3.1
Fighting       | |  3.0
Axes           | |  1.7
Shields        | |  2.6

Action                     || total
---------------------------++-------
  Melee: War axe           ||    52
    Use: Scroll            ||     3
 Armour: Scale mail        ||    65
  Dodge: Dodged            ||    59
  Block: Buckler           ||    29
